 Dungeon Crawl Stone Soup version 0.29-a0-830-gcb1280458a (webtiles) character file.

Game seed: 14679424393863087528

87710 Turgor the Destroyer (level 15, -7/119 HPs)
             Began as a Demonspawn Necromancer on July 7, 2022.
             Was the Champion of Dithmenos.
             Succumbed to a sea snake's poison
             ... on level 4 of the Lair of Beasts on July 11, 2022.
             The game lasted 04:28:49 (28540 turns).

Turgor the Destroyer (Demonspawn Necromancer)      Turns: 28540, Time: 04:28:49

Health: -7/119     AC: 14    Str: 10    XL:     15   Next: 44%
Magic:  16/30      EV: 12    Int: 16    God:    Dithmenos [******]
Gold:   1431       SH:  0    Dex: 20    Spells: 0/37 levels left

rFire   . . .      SeeInvis .   N - +2 dagger (vamp)
rCold   . . .      Faith    .   (no shield)
rNeg    . . .      Spirit   .   I - +2 robe {Archmagi}
rPois   .          Reflect  .   n - +0 helmet
rElec   +          Harm     .   i - +2 cloak
rCorr   +          Rampage  .   (no gloves)
Will    +....      Archmagi +   x - +1 pair of boots
Stlth   ++++......              h - amulet of magic regeneration
HPRegen 0.29/turn               O - ring "Niuwneox" {rElec rCorr Int-5 Dex+5}
MPRegen 0.62/turn               G - ring of flight

@: lethally poisoned (-7 -> -54), flying, wreathed by umbra
A: yellow scales 3, foul stench 2, spiny 2, demonic touch 2
a: Renounce Religion, Shadow Step, Shadow Form


You were on level 4 of the Lair of Beasts.
You worshipped Dithmenos.
Dithmenos was exalted by your worship.
You visited 5 branches of the dungeon, and saw 24 of its levels.

You collected 2392 gold pieces.
You spent 961 gold pieces at shops.

Inventory:

Hand Weapons
 N - a +2 vampiric dagger (weapon)
 W - a +4 demon trident
Missiles
 y - 22 poisoned darts (quivered)
 B - 4 throwing nets
 F - 13 javelins
 Y - 6 silver boomerangs
Armour
 i - a +2 cloak (worn)
 n - a +0 helmet (worn)
 x - a +1 pair of boots (worn)
 I - a +2 robe of the Archmagi (worn)
 Z - a +0 buckler
Magical Staves
 w - a staff of death
Jewellery
 h - an amulet of magic regeneration (around neck)
 q - an amulet of regeneration
 G - a ring of flight (right hand)
 O - the ring "Niuwneox" (left hand) {rElec rCorr Int-5 Dex+5}
   (You found it on level 9 of the Dungeon)

   [ring of resist corrosion]

   Int:       It affects your intelligence (-5).
   Dex:       It affects your dexterity (+5).
   rElec:     It insulates you from electricity.
   rCorr:     It protects you from acid and corrosion.
Wands
 d - a wand of polymorph (3)
 f - a wand of light (7)
 v - a wand of digging (13)
 H - a wand of roots (9)
 T - a wand of flame (4)
 U - a wand of mindburst (9)
 X - a wand of paralysis (7)
Scrolls
 b - 2 scrolls of enchant armour
 c - 2 scrolls of brand weapon
 e - 6 scrolls of immolation
 l - 4 scrolls of vulnerability
 r - 2 scrolls of fear {unknown}
 s - 4 scrolls of magic mapping
 t - 2 scrolls of torment
 z - 3 scrolls of teleportation
 A - 6 scrolls of blinking
 D - a scroll of silence
 E - 3 scrolls of fog
 J - 4 scrolls of noise {unknown}
 M - a scroll of summoning {unknown}
 R - 4 scrolls of amnesia
 S - 4 scrolls of enchant weapon
Potions
 a - a potion of invisibility
 g - 2 potions of lignification
 j - 10 potions of heal wounds
 k - a potion of brilliance
 o - 2 potions of haste
 p - 4 potions of curing
 u - 2 potions of magic
 K - a potion of might
 L - 3 potions of flight
 P - 2 potions of mutation
 Q - 2 potions of ambrosia
 V - a potion of attraction {unknown}
Miscellaneous
 m - a tin of tremorstones (1/2)


   Skills:
 + Level 11.3 Fighting
 - Level 2.0 Armour
 - Level 2.0 Dodging
 - Level 2.0 Stealth
 + Level 11.5 Spellcasting
 * Level 14.0 Conjurations
 - Level 12.0 Necromancy
 - Level 3.0 Translocations
 * Level 13.0 Earth Magic
 - Level 3.3 Invocations


You couldn't memorise any spells.
You knew the following spells:

 Your Spells              Type           Power      Damage    Failure   Level
a - Iron Shot             Conj/Erth      34%        9d7       4%          6
b - Mephitic Cloud        Conj/Pois/Air  36%        N/A       3%          3
c - Borgnjor's Vile Clut  Necr/Erth      32%        N/A       1%          5
d - Vampiric Draining     Necr           63%        2d10      1%          3
o - Apportation           Tloc           56%        N/A       2%          1
p - Blink                 Tloc           56%        N/A       3%          2
q - Animate Dead          Necr           63%        N/A       1%          4
s - Sublimation of Blood  Necr           63%        N/A       1%          2
x - Lehudib's Crystal Sp  Conj/Erth      34%        10d9      89%         8
z - Stone Arrow           Conj/Erth      100%       3d13      1%          3

Your spell library contained the following spells:

 Spells                   Type           Power      Damage    Failure   Level
 Foxfire                  Conj/Fire      100%       2x1d9     1%          1
 Necrotise                Necr           100%       1d9       1%          1
 Sandblast                Erth           100%       2d20      1%          1
 Shock                    Conj/Air       100%       1d9       1%          1
 Passwall                 Tmut/Erth      37%        N/A       1%          2
 Conjure Flame            Conj/Fire      47%        6-21      1%          3
 Dispel Undead            Necr           63%        3d22      1%          4
 Agony                    Necr           63%        N/A       1%          5
 Iskenderun's Battlesphe  Conj           69%        2d12      1%          5
 Flame Wave               Conj/Fire      47%        2d10      4%          4
 Hailstorm                Conj/Ice       47%        3d11      4%          4
 Animate Armour           Summ/Erth      90%        N/A       5%          4
 Leda's Liquefaction      Hex/Erth       22%        N/A       5%          4
 Petrify                  Tmut/Erth      45%        N/A       5%          4
 Lesser Beckoning         Tloc           28%        N/A       7%          3
 Anguish                  Hex/Necr       21%        N/A       7%          4
 Freeze                   Ice            52%        1d7       8%          1
 Sting                    Tmut/Pois      52%        1d5       8%          1
 Summon Small Mammal      Summ           52%        N/A       8%          1
 Death Channel            Necr           31%        N/A       9%          6
 Poisonous Vapours        Pois/Air       26%        N/A       12%         2
 Irradiate                Conj/Tmut      23%        3d19      12%         5
 Portal Projectile        Hex/Tloc       42%        N/A       13%         3
 Corpse Rot               Necr/Pois/Air  33%        N/A       16%         4
 Call Canine Familiar     Summ           13%        N/A       24%         3
 Frozen Ramparts          Ice            26%        1d4       24%         3
 Ignite Poison            Fire/Tmut/Pois 13%        N/A       24%         3
 Inner Flame              Hex/Fire       13%        N/A       24%         3
 Swiftness                Air            13%        N/A       24%         3
 Freezing Cloud           Conj/Ice/Air   18%        6-21      32%         5
 Manifold Assault         Tloc           28%        N/A       54%         5
 Airstrike                Air            6%         0-3+      61%         4
 Olgreb's Toxic Radiance  Pois           13%        N/A       61%         4
 Alistair's Intoxication  Tmut/Pois      8%         N/A       91%         5
 Spellforged Servitor     Conj/Summ      23%        N/A       98%         7
 Eringya's Noxious Bog    Tmut/Pois      6%         N/A       100%        6
 Enfeeble                 Hex            6%         N/A       100%        7
 Malign Gateway           Summ/Tloc      10%        N/A       100%        7
 Summon Horrible Things   Summ           6%         N/A       100%        8


Dungeon Overview and Level Annotations

Branches:
Dungeon (14/15)            Temple (1/1) D:5            Lair (6/6) D:10
 Shoals (1/4) Lair:4       Spider (0/4) Lair:3        Slime (0/5) Lair:5
    Orc (2/2) D:9             Elf (0/3) Orc:2        Vaults (0/5) D:14

Altars:
Dithmenos
Fedhas
Gozag
Ru
Sif Muna
Vehumet
Wu Jian
Xom
Yredelemnul
Jiyva

Shops:
D:3 !   Orc:2 =([*


Innate Abilities, Weirdness & Mutations

You are completely covered in yellow scales. (AC +4, rCorr)
You sometimes emit foul miasma when damaged in melee.
You are mostly covered in sharp spines.
Your touch may inflict irresistible damage on your foes.


Message History

The burst of rock shards engulfs the tentacle!
The burst of rock shards engulfs the tentacle segment! x2
You kill the tentacle segment!
The zombie hands lose their grip on the tentacle.
The burst of rock shards engulfs the tentacle segment!
The burst of rock shards engulfs the tentacle!
You kill the tentacle!
The burst of rock shards engulfs the tentacle!
The burst of rock shards engulfs you but does no damage.
You kill the tentacle!
You hear an angry hiss. x2; You hear a shout!
You hear an angry hiss.
You hear a shout!
The merfolk siren chants its luring song.
The tentacle slaps you!
* * * LOW HITPOINT WARNING * * *
Tentacles burst out of the water!
A wind drake comes into view. 2 tentacles come into view.
Unknown command.
Casting: Iron Shot (dangerous; 4% risk of failure)
Confirm with . or Enter, or press ? or * to list all spells.
Aiming: Stone Arrow (safe; 1% risk of failure)
Press: ? - help, Shift-Dir - straight line, f - tentacle
Aim: a tentacle (black smoke, almost dead, umbra, 87% to hit)
You feel a surge of power!
The stone arrow misses the tentacle.
The tentacle is struck by your spines.
You kill the tentacle!
You break out of your daze!
A merfolk and a sea snake come into view.
The merfolk is wielding a +0 trident of freezing.
The merfolk shouts!
The sea snake hisses angrily.
Blink to where?
Press: ? - help, Dir - move target
As you read the scroll of blinking, it crumbles to dust.
The sea snake bites you!
* * * LOW HITPOINT WARNING * * *
You are lethally poisoned!
The sea snake poisons you!
You emit a cloud of foul miasma!
You fly upwards.
Welcome back to the Lair of Beasts!
You die...

....#.#
##....#######.........
....### #.....#
##......... ....#
#.....# #..........
....# #....##
##......... ....######
#....# #.........
.......#.# #....#
#......... .........#
#....### #.........
.........## #......#
##.........
..........###...@.P#
#..........
..........##.......#
#..........
.........####....###
#..........
.........###.....#
#..........
.........P###....#
##.........
..........# #....##
#......... ..........#
#.....# #.........
.........## #....##
#......... .........#
#.....# #..<......


There were no monsters in sight!

Vanquished Creatures
  An orc warlord (Orc:2)
  Josephine (D:12)
  Harold (Lair:1)
  8 vault guards
  13 hydras
  Erolcha (D:9)
  4 boulder beetles
  The ghost of PaleRider the Eclecticist, a journeyman DECj of Vehumet (D:12)
  2 centaur warriors
  3 two-headed ogres
  A death knight (D:13)
  3 catoblepae
  A tengu warrior (D:13)
  2 orc high priests (Orc:2)
  Urug (D:13)
  A sea snake (Shoals:1)
  4 orc knights (Orc:2)
  A deep elf pyromancer (D:12)
  2 manticores
  An orc sorcerer (Orc:2)
  6 ugly things
  9 cyclopes
  2 elephants (Lair:6)
  3 black mambas
  A guardian serpent (Lair:6)
  2 gargoyles (D:12)
  10 cane toads
  9 komodo dragons
  2 rime drakes (Lair:6)
  Psyche (D:8)
  3 freezing wraiths
  An unseen horror (D:12)
  An efreet (D:14)
  A tengu conjurer (D:13)
  A polar bear (shapeshifter) (D:14)
  2 trolls
  A polar bear (Lair:3)
  A hornet (Lair:6)
  10 blink frogs
  7 dream sheep (Lair:5)
  A slime creature (D:12)
  A vampire (D:11)
  8 wyverns
  4 shadows
  7 wraiths
  33 yaks
  5 basilisks
  2 steam dragons
  4 redbacks (Lair:6)
  A warg (Orc:1)
  4 vampire mosquitoes
  19 water moccasins
  3 acid dragons (D:12)
  A floating eye (D:12)
  28 orc warriors
  4 ogres
  3 sky beasts
  6 wolves
  A black bear (D:8)
  12 centaurs
  A phantom (D:6)
  2 kobold brigands
  14 bullfrogs
  3 gnoll sergeants
  3 scorpions
  5 wights (D:9)
  5 killer bees
  4 howler monkeys
  7 hounds
  4 jellies
  3 gnoll boudas
  Crazy Yiuf (D:2)
  17 orc priests
  6 iguanas
  19 orc wizards
  Ijyb (D:3)
  Robin (D:2)
  10 adders
  23 gnolls
  An ufetubus (D:4)
  4 worms
  2 dart slugs (D:1)
  56 orcs
  5 endoplasms
  3 giant cockroaches
  11 goblins
  11 hobgoblins
  7 jackals
  7 quokkas
  4 ball pythons
  5 bats
  2 frilled lizards (D:2)
  15 kobolds
  6 rats
  3 tentacles (Shoals:1)
543 creatures vanquished.

Vanquished Creatures (collateral kills)
  A hydra (Lair:6)
  A wolf spider (Lair:6)
  A manticore (Lair:4)
  3 elephants (Lair:6)
  2 black mambas
  A torpor snail (Lair:5)
  A gargoyle (D:12)
  6 cane toads
  A komodo dragon (Lair:4)
  A tengu conjurer (D:13)
  A wind drake (Lair:4)
  12 blink frogs
  A hornet (Lair:6)
  8 dream sheep (Lair:5)
  A wraith (D:13)
  4 wyverns (Lair:6)
  26 yaks
  Grum (D:7)
  2 redbacks (Lair:6)
  12 water moccasins
  2 orc warriors (D:11)
  A wolf (Lair:2)
  3 bullfrogs
  3 wights (D:10)
  A killer bee (D:7)
  A hound (D:7)
  2 orc priests
  A jelly (D:7)
  4 orc wizards
  A shadow imp (D:7)
  11 orcs
  A bat (D:2)
  A goblin (D:1)
  A rat (D:2)
119 creatures vanquished.

Vanquished Creatures (others)
  A centaur zombie (D:12)
  An unseen horror zombie (D:12)
  A redback zombie (Lair:6)
  4 hydra zombies
  A black mamba zombie (Lair:6)
  A cane toad zombie (Lair:6)
  A human zombie (Lair:1)
  7 blink frog zombies
  An elephant zombie (Lair:6)
  2 komodo dragon zombies
  3 wyvern zombies (Lair:6)
  3 water moccasin zombies
  23 yak zombies
  A wolf zombie (Lair:3)
  6 bullfrog zombies
  A basilisk zombie (Lair:1)
  2 hound zombies (D:7)
  3 howler monkey zombies (D:9)
  An iguana zombie (D:6)
  14 gnoll zombies
  2 jackal zombies (D:7)
  35 orc zombies
  67 fungi
  73 plants
  4 tentacles (Shoals:1)
258 creatures vanquished.

Grand Total: 920 creatures vanquished

Notes
Turn   | Place    | Note
-------+----------+-------------------------------------------
     0 | D:1      | Turgor the Demonspawn Necromancer began the quest for the
                  | Orb.
     0 | D:1      | Reached XP level 1. HP: 13/13 MP: 3/3
    79 | D:1      | Found a faded altar of an unknown god.
    87 | D:1      | Prayed at the altar of an unknown god.
    87 | D:1      | Became a worshipper of Dithmenos the Shadowed
    87 | D:1      | Reached * piety under Dithmenos
   301 | D:1      | Gained mutation: You are partially covered in yellow
                  | scales. (AC +2) [demonic ancestry]
   301 | D:1      | Reached XP level 2. HP: 20/20 MP: 1/5
   895 | D:1      | Reached skill level 1 in Fighting
   952 | D:1      | Gained mutation: Your touch may inflict minor irresistible
                  | damage on your foes. [demonic ancestry]
   952 | D:1      | Reached XP level 3. HP: 26/26 MP: 3/6
  1264 | D:2      | Noticed Robin
  1393 | D:2      | Reached ** piety under Dithmenos
  1555 | D:2      | Reached skill level 5 in Necromancy
  1634 | D:2      | Found a runed translucent door.
  1635 | D:2      | Noticed Crazy Yiuf
  1645 | D:2      | Killed Crazy Yiuf
  1646 | D:2      | Gained mutation: You are mostly covered in yellow scales.
                  | (AC +3) [demonic ancestry]
  1646 | D:2      | Reached XP level 4. HP: 32/32 MP: 2/8
  1857 | D:2      | Killed Robin
  2268 | D:3      | Learned a level 3 spell: Vampiric Draining
  2353 | D:3      | Gained mutation: You are completely covered in yellow
                  | scales. (AC +4, rCorr) [demonic ancestry]
  2353 | D:3      | Reached XP level 5. HP: 38/38 MP: 3/9
  2472 | D:3      | Noticed Ijyb
  2477 | D:3      | Killed Ijyb
  2496 | D:3      | Learned a level 4 spell: Animate Dead
  2526 | D:3      | Found Qaenus's Distillery.
  2699 | D:3      | Bought 2 potions of curing for 66 gold pieces
  2699 | D:3      | Bought a potion of heal wounds for 55 gold pieces
  2790 | D:3      | Found an opulent altar of Gozag.
  2888 | D:3      | Learned a level 1 spell: Apportation
  2972 | D:3      | Reached *** piety under Dithmenos
  3384 | D:4      | Gained mutation: You may rarely emit foul miasma when
                  | damaged in melee. [demonic ancestry]
  3384 | D:4      | Reached XP level 6. HP: 42/46 MP: 0/11
  3597 | D:4      | Reached skill level 1 in Armour
  4303 | D:5      | Entered Level 5 of the Dungeon
  4347 | D:5      | Found a staircase to the Ecumenical Temple.
  4356 | Temple   | Entered the Ecumenical Temple
  4370 | D:5      | Noticed a water moccasin
  4371 | D:5      | Noticed a sky beast
  4371 | D:5      | a water moccasin changed into a sky beast
  5147 | D:5      | Killed a sky beast
  5148 | D:5      | Gained mutation: You are partially covered in sharp spines.
                  | [demonic ancestry]
  5148 | D:5      | Reached XP level 7. HP: 51/51 MP: 5/13
  5563 | D:6      | Reached skill level 5 in Spellcasting
  5674 | D:6      | Reached XP level 8. HP: 60/60 MP: 7/16
  5983 | D:6      | Found an ornate altar of the Wu Jian Council.
  5984 | D:6      | Found a blossoming altar of Fedhas.
  6005 | D:6      | Found a glowing drain.
  6013 | D:6      | You fall into a shaft and drop 1 floor!
  6122 | D:7      | Upgraded the game from 0.29-a0-821-g66395355a5 to
                  | 0.29-a0-823-gc37b1572da
  6146 | D:7      | Reached **** piety under Dithmenos
  6157 | D:7      | Reached skill level 5 in Fighting
  6286 | D:7      | Learned a level 3 spell: Stone Arrow
  6394 | D:7      | Gained mutation: Your touch may inflict irresistible damage
                  | on your foes. [demonic ancestry]
  6394 | D:7      | Reached XP level 9. HP: 64/68 MP: 14/19
  6470 | D:7      | Reached skill level 1 in Conjurations
  6592 | D:7      | Reached skill level 1 in Earth Magic
  6704 | D:7      | Reached skill level 2 in Conjurations
  6989 | D:7      | Noticed an angel
  7098 | D:7      | Reached skill level 3 in Conjurations
  7279 | D:7      | Learned a level 2 spell: Sublimation of Blood
  7289 | D:7      | Noticed Grum
  7302 | D:7      | Killed Grum
  8344 | D:8      | Reached skill level 4 in Conjurations
  8345 | D:8      | Reached ***** piety under Dithmenos
  8350 | D:8      | Noticed Psyche
  8489 | D:8      | Killed Psyche
  8490 | D:8      | Reached XP level 10. HP: 61/76 MP: 5/21
  9102 | D:8      | Found a sacrificial altar of Ru.
  9160 | D:8      | Found a radiant altar of Vehumet.
  9724 | D:9      | Reached skill level 5 in Conjurations
 10069 | D:9      | Reached skill level 5 in Earth Magic
 10122 | D:9      | Reached skill level 10 in Necromancy
 10150 | D:9      | Found a staircase to the Orcish Mines.
 10200 | D:9      | Found a shimmering blue altar of Sif Muna.
 10200 | D:9      | Noticed a two-headed ogre
 10202 | D:9      | Found a shimmering altar of Xom.
 10223 | D:9      | Killed a two-headed ogre
 10224 | D:9      | Reached skill level 6 in Conjurations
 10257 | D:9      | Found a basalt altar of Yredelemnul.
 10367 | D:9      | Noticed Erolcha
 10372 | D:9      | Killed Erolcha
 10497 | D:9      | Identified the ring "Niuwneox" {rElec rCorr Int-5 Dex+5}
 10799 | D:10     | Entered Level 10 of the Dungeon
 10817 | D:10     | Found a staircase to the Lair.
 11063 | D:10     | Noticed a two-headed ogre
 11069 | D:10     | Killed a two-headed ogre
 11070 | D:10     | Reached XP level 11. HP: 84/84 MP: 13/23
 11079 | D:10     | Learned a level 8 spell: Lehudib's Crystal Spear
 11394 | D:11     | Reached skill level 1 in Invocations
 11397 | D:11     | Reached skill level 7 in Conjurations
 11431 | D:11     | Noticed a six-headed hydra
 11437 | D:11     | Killed a six-headed hydra
 11751 | D:11     | Noticed a boulder beetle
 11790 | D:11     | Killed a boulder beetle
 12007 | D:11     | Noticed a four-headed hydra
 12015 | D:11     | Killed a four-headed hydra
 12603 | Lair:1   | Entered Level 1 of the Lair of Beasts
 12614 | Lair:1   | Reached skill level 8 in Conjurations
 12823 | Lair:1   | Noticed Harold
 12848 | Lair:1   | Killed Harold
 13051 | Lair:1   | Reached XP level 12. HP: 92/92 MP: 21/24
 13054 | Lair:1   | Identified the +4 chain mail "Amur" {rF+}
 13168 | Lair:1   | Noticed a six-headed hydra
 13173 | Lair:1   | Your ally Harold died
 13179 | Lair:1   | Killed a six-headed hydra
 13207 | Lair:1   | Reached skill level 9 in Conjurations
 13803 | Lair:1   | Noticed a catoblepas
 13829 | Lair:1   | Killed a catoblepas
 14111 | Lair:2   | Learned a level 2 spell: Blink
 14358 | Lair:2   | Reached ****** piety under Dithmenos
 14473 | Lair:2   | Reached skill level 1 in Translocations
 14683 | Lair:2   | Learned a level 5 spell: Borgnjor's Vile Clutch
 15639 | Lair:3   | Noticed a catoblepas
 15643 | Lair:3   | Killed a catoblepas
 15644 | Lair:3   | Reached skill level 10 in Conjurations
 16071 | Lair:3   | Found a hole to the Spider Nest.
 16634 | Lair:4   | Noticed a seven-headed hydra
 16640 | Lair:4   | Killed a seven-headed hydra
 16645 | Lair:4   | Reached XP level 13. HP: 101/101 MP: 0/26
 16911 | Lair:4   | Found a staircase to the Shoals.
 17450 | Lair:4   | Identified the +1 scale mail of Demons {Rampage Slay+5}
 18151 | Lair:5   | Found a viscous altar of Jiyva.
 18152 | Lair:5   | Found a staircase to the Slime Pits.
 18342 | Lair:5   | Reached skill level 10 in Earth Magic
 18355 | Lair:5   | Reached skill level 11 in Conjurations
 18669 | Lair:5   | Reached skill level 10 in Spellcasting
 19299 | Lair:6   | Entered Level 6 of the Lair of Beasts
 19990 | Lair:6   | Reached skill level 10 in Fighting
 19990 | Lair:6   | Gained mutation: You are mostly covered in sharp spines.
                  | [demonic ancestry]
 19990 | Lair:6   | Reached XP level 14. HP: 70/110 MP: 4/28
 20105 | Lair:6   | Reached skill level 12 in Conjurations
 20215 | Lair:6   | Identified a scroll of acquirement
 20216 | Lair:6   | Acquired a book of Power
 20290 | Lair:6   | Identified the +7 scimitar of the Mosquito {holy, *Slow
                  | rElec rN+}
 20796 | Lair:6   | Learned a level 6 spell: Iron Shot
 21487 | Orc:1    | Entered Level 1 of the Orcish Mines
 21745 | Orc:2    | Entered Level 2 of the Orcish Mines
 21749 | Orc:2    | Found Upechohu's Antique Weapon Shoppe.
 22295 | Orc:2    | Found a staircase to the Elven Halls.
 22756 | Orc:2    | Found Cuamur's Antique Armour Shoppe.
 22887 | Orc:2    | Noticed an orc warlord
 23203 | Orc:2    | Killed an orc warlord
 23355 | Orc:2    | Found Fuelu's Jewellery Shop.
 23517 | Orc:2    | Found Atudy's General Store.
 23644 | Orc:2    | Bought an amulet of the acrobat for 420 gold pieces
 23644 | Orc:2    | Bought an amulet of magic regeneration for 420 gold pieces
 23825 | D:12     | Found a transporter.
 23825 | D:12     | Found a transporter.
 23849 | D:12     | Noticed PaleRider's ghost (journeyman DECj)
 24039 | D:12     | Upgraded the game from 0.29-a0-823-gc37b1572da to
                  | 0.29-a0-830-gcb1280458a
 24924 | D:12     | Noticed Josephine
 24940 | D:12     | Killed Josephine
 24941 | D:12     | Reached skill level 13 in Conjurations
 25123 | D:12     | Paralysed by a floating eye for 3 turns
 25464 | D:12     | Killed PaleRider's ghost
 25854 | D:13     | Gained mutation: You sometimes emit foul miasma when
                  | damaged in melee. [demonic ancestry]
 25854 | D:13     | Reached XP level 15. HP: 117/117 MP: 17/30
 26319 | D:13     | Noticed Urug
 26322 | D:13     | Killed Urug
 27507 | D:14     | Found a gate to the Vaults.
 27807 | D:14     | Reached skill level 14 in Conjurations
 28501 | Shoals:1 | Entered Level 1 of the Shoals
 28514 | Lair:4   | Learned a level 3 spell: Mephitic Cloud
 28527 | Shoals:1 | Noticed a kraken
 28540 | Lair:4   | Succumbed to a sea snake's poison

Illustrated notes

Levels and vault maps discovered:
D:1:      nagdon_arrival_double_spiral, layout_basic,
          shapermc_ecumenical_altar_pompeii
D:2:      layout_loops_cross, minmay_misc_feat_x, uniq_crazy_yiuf_cottage,
          uniq_robin
D:3:      layout_rooms, old_standard_altar, serial_shops, shop, uniq_ijyb
D:4:      layout_basic
D:5:      layout_gridville, temple_statues
D:6:      layout_basic, chequers_temple_overflow_statue_of_worship,
          cheibrodos_sewer_entry_bend
D:7:      layout_cave_pools, zin_angel, serial_gnoll_camp, gnoll_camp_mini_hut,
          gnoll_camp_mini_doghouse, gnoll_camp_medium_02, grums_kennel
D:8:      layout_loops_ring, hangedman_ru_absence, lemuel_round_altar,
          chequers_garden, uniq_psyche
D:9:      layout_roguey, gammafunk_temple_overflow_forgotten, hiddenorc1_lemuel,
          uniq_erolcha
D:10:     layout_cave_pools, lair_entry_dummy
D:11:     layout_gridville
D:12:     layout_long_grid, nzn_ghost_randoct, onia_ninara_cookie,
          uniq_josephine
D:13:     layout_roguey, uniq_urug
D:14:     layout_irregular_city, erik_vaults_2, kennysheep_flooded_box
Temple:   nicolae_temple_slightly_damp_pantheon
Lair:1:   layout_concentric_octagons, serial_rivers,
          chequers_serial_rivers_micro_c, chequers_serial_rivers_micro_d,
          chequers_serial_rivers_micro_e, chequers_serial_rivers_micro_a,
          grunt_megastairs_5, uniq_harold
Lair:2:   layout_chaotic_city
Lair:3:   layout_chaotic_city, dummy_spider_entry, beast_lair_carwin_5,
          infiniplex_staircase_pool, lemuel_fruit_fields
Lair:4:   layout_cellular_growth, minmay_shoals_entry_beasts,
          serial_bayou_shore_b
Lair:5:   layout_hall_layers, nicolae_slime_entry_slimehenge
Lair:6:   hangedman_lair_tendril_chambers, layout_misc_corridors
Shoals:1: layout_shoals, hangedman_feature_mirror, kb_tengu_band
Orc:1:    layout_diamond_mine, mines2_lemuel, uniq_erica
Orc:2:    grunt_orc_gardens, layout_diamond_mine, grunt_orc_garden,
          grunt_orc_garden, grunt_orc_garden, grunt_orc_garden

Skill      XL: |  1  2  3  4  5  6  7  8  9 10 11 12 13 14 15 |
---------------+----------------------------------------------+-----
Stealth        | 2 |  2.0
Dodging        | 2 |  2.0
Fighting       | 1 2 3 5 6 7 8 9 10 11 | 11.3
Necromancy     | 5 6 7 8 9 10 11 12 | 12.0
Spellcasting   | 3 4 5 6 7 8 9 10 11 | 11.5
Armour         | 1 2 |  2.0
Conjurations   | 4 6 8 10 11 13 14 | 14.0
Earth Magic    | 3 6 7 9 10 12 13 | 13.0
Invocations    | 3 |  3.3
Translocations | 2 3 |  3.0

Action                   |  1- 3 |  4- 6 |  7- 9 | 10-12 | 13-15 || total
-------------------------+-------+-------+-------+-------+-------++-------
Melee: Unarmed           |     2 |       |       |       |       ||     2
       Dagger            |     6 |     3 |       |     6 |   122 ||   137
       Touch             |       |     5 |    25 |    37 |    25 ||    92
       Whip              |       |    33 |   124 |   157 |       ||   314
       Staff             |       |       |     2 |       |     1 ||     3
       Punch             |       |       |     1 |     4 |     2 ||     7
Throw: Stone             |     5 |     3 |     5 |     1 |       ||    14
       Dart              |       |       |       |     2 |     2 ||     4
       Throwing net      |       |       |       |     3 |       ||     3
       Boomerang         |       |       |       |       |     1 ||     1
 Cast: Necrotise         |    76 |   149 |   126 |    35 |       ||   386
       Vampiric Draining |       |       |    21 |    10 |       ||    31
       Animate Dead      |       |       |     5 |    14 |    15 ||    34
       Stone Arrow       |       |       |    17 |   147 |    76 ||   240
       Borgnjor's Vile C |       |       |       |     9 |   166 ||   175
       Sublimation of Bl |       |       |       |       |     4 ||     4
       Iron Shot         |       |       |       |       |   100 ||   100
       Blink             |       |       |       |       |     2 ||     2
Invok: Shadow Step       |       |       |       |       |     1 ||     1
Evoke: Wand              |       |     1 |       |       |     8 ||     9
       Tin of tremorston |       |       |       |       |     1 ||     1
  Use: Potion            |     1 |       |     1 |       |     5 ||     7
       Scroll            |       |     5 |     1 |     9 |    13 ||    28
 Stab: Distracted        |       |     1 |     3 |     1 |     1 ||     6
       Sleeping          |       |     1 |     1 |     1 |       ||     3
       Invisible         |       |       |     1 |       |       ||     1
Armor: Robe              |     5 |    12 |       |    70 |    82 ||   169
       Leather armour    |       |    21 |    79 |       |       ||   100
Dodge: Dodged            |    21 |    51 |   119 |   114 |   121 ||   426

Table legend: (Time is in decaauts)
 A = Elapsed time spent in this place.
 B = Non-inter-level travel time spent in this place.
 C = Inter-level travel time spent in this place.
 D = Time resting spent in this place.
 E = Time spent auto-exploring this place.
 F = Levels seen in this place.
 G = Mean time per level.
                   A        B        C        D        E       F      G
               +--------+--------+--------+--------+--------+-----+--------+
         Total |  28643 |  27341 |   1302 |   2567 |  17314 |  24 | 1193.5 |
       Dungeon |  17458 |  16558 |    900 |   1464 |   9673 |  14 | 1247.0 |
        Temple |      1 |      1 |      0 |      0 |      0 |   1 |    1.0 |
          Lair |   8939 |   8641 |    298 |    313 |   6863 |   6 | 1489.8 |
        Shoals |     33 |     33 |      0 |      0 |     14 |   1 |   33.0 |
  Orcish Mines |   2210 |   2107 |    103 |    790 |    764 |   2 | 1105.0 |
               +--------+--------+--------+--------+--------+-----+--------+

Top non-repeatable levels by time:
  Lair:6: 2036 daAuts
    D:12: 1869 daAuts
     D:9: 1602 daAuts
  Lair:4: 1566 daAuts
  Lair:1: 1500 daAuts
     D:7: 1469 daAuts
  Lair:2: 1425 daAuts
    D:14: 1383 daAuts
    D:13: 1334 daAuts
     D:1: 1307 daAuts
     D:8: 1277 daAuts
   Orc:2: 1271 daAuts
    D:11: 1230 daAuts
  Lair:3: 1213 daAuts
  Lair:5: 1197 daAuts
